 Seeded DCSS version 0.28.0-47-ge53b351184 (webtiles) character file.

Game seed: 12450287800556372145 (custom seed)

211 NinjaNoafa the Shield-Bearer (level 5, -14/47 HPs)
             Began as a Minotaur Fighter on Apr 25, 2022.
             Was an Initiate of Wu Jian.
             Killed by divine providence
             ... invoked by an orc priest
              (16 damage)
             ... on level 4 of the Dungeon.
             The game lasted 00:04:11 (2854 turns).

NinjaNoafa the Shield-Bearer (Minotaur Fighter)     Turns: 2854, Time: 00:04:12

Health: -14/47     AC:  7    Str: 22    XL:     5   Next: 57%
Magic:  4/4        EV:  9    Int:  5    God:    Wu Jian [......]
Gold:   116        SH:  4    Dex: 10    Spells: 4/4 levels left

rFire   . . .      SeeInvis +   i - +2 dagger of the Singing Ass {vorpal, SInv Stlth+}
rCold   . . .      Faith    .   c - +0 buckler
rNeg    . . .      Spirit   .   b - +0 scale mail
rPois   .          Reflect  .   (helmet restricted)
rElec   .          Harm     .   (no cloak)
rCorr   .          Rampage  .   (no gloves)
Will    .....                   (no boots)
Stlth   +.........              (no amulet)
HPRegen 0.15/turn               (no ring)
MPRegen 0.09/turn               (no ring)

@: brilliant
A: horns 2, retaliatory headbutt
a: Renounce Religion


You were on level 4 of the Dungeon.
You worshipped Wu Jian.
Wu Jian was noncommittal.
You visited 1 branch of the dungeon, and saw 4 of its levels.

You collected 116 gold pieces.

Inventory:

Hand Weapons
 a - a +0 long sword
 f - a +0 demon blade of flaming
 i - the +2 dagger of the Singing Ass (weapon) {vorpal, SInv Stlth+}
   (You found it on level 2 of the Dungeon)

   It inflicts extra damage upon your enemies.
   SInv:      It lets you see invisible.
   Stlth:     It makes you more stealthy.
Missiles
 g - 47 stones (quivered)
Armour
 b - a +0 scale mail (worn)
 c - a +0 buckler (worn)
Scrolls
 e - a scroll of magic mapping
 l - a scroll of amnesia


   Skills:
 + Level 4.7 Fighting
 * Level 0.9(2.3) Short Blades
 - Level 3.8(3.9) Long Blades
 + Level 4.8 Armour
 * Level 1.0 Stealth
 + Level 4.8 Shields


You had 4 spell levels left.
You didn't know any spells.
Your spell library was empty.

Dungeon Overview and Level Annotations

Branches:
Dungeon (4/15)
 Temple: D:4-7

Altars:
Wu Jian


Innate Abilities, Weirdness & Mutations

You have a pair of horns on your head.
You reflexively headbutt those who attack you in melee.


Message History

Found a stone staircase leading down.
Okay, then.
You lunge at the adder.
You hit the adder.
The adder is severely wounded.
The adder closely misses you.
You aren't carrying any potions.
Okay, then.
You lunge at the orc priest.
You closely miss the orc priest. The adder bites you but does no damage.
The kobold closely misses you. You furiously retaliate!
You headbutt the kobold!
You kill the kobold!
The Council accepts your kill.
The orc priest hits you but does no damage.
The adder bites you.
You hit the orc priest. You headbutt the orc priest.
The orc priest is severely wounded.
The ball python closely misses you. The ball python barely misses you.
The orc priest hits you with a +0 club. The orc hits you with a +0 hand axe.
The adder closely misses you. You furiously retaliate!
You headbutt the adder!
You kill the adder!
The Council accepts your kill.
The orc priest invokes the aid of Beogh against you.
Beogh smites you!
* * * LOW HITPOINT WARNING * * *
The ball python bites you but does no damage.
The ball python grabs you. The ball python constricts you.
Your Stealth skill increases to level 1!
You escape the ball python's grasp.
The orc priest calls down the wrath of Beogh upon you.
Pain shoots through your body!
* * * LOW HITPOINT WARNING * * *
You aren't carrying any potions.
Okay, then.
The orc priest begins to cast a cantrip, but forgets the words!
The orc priest calls upon Beogh to heal the orc priest.
The orc priest is healed somewhat.
The orc priest casts a cantrip, but nothing happens.
The orc priest invokes the aid of Beogh against you.
Beogh smites you!
You die...

,,,* ###).#....#
,,***####.......#.#
,,* *.............#
,,*
*........o.##.#***
,,*
*..)...).o.#*,.,,*
,,*
*.(..#####S##***,*
,,* *....* #..# *,*
*** *.,,,* ###o##
*,* *,,,,* #...@#
*,* *,,,,*
#.##.#**,* *,,,,*
#.*#.#,,,* *,,,,*
#,,#..,*** *,,,,*
**,#...* *,,,,*
*,##..* *,,,,*
*,,,..# ******
****###


You could see 2 orc priests, an orc and a ball python.

Vanquished Creatures
  An ogre (D:2)
  An iguana (D:4)
  3 adders
  3 dart slugs (D:1)
  3 orcs
  4 bats
  5 endoplasms
  2 giant cockroaches
  4 goblins
  7 hobgoblins
  2 jackals (D:2)
  3 quokkas
  6 ball pythons
  5 frilled lizards
  6 kobolds
  8 rats
63 creatures vanquished.

Notes
Turn   | Place    | Note
-------+----------+-------------------------------------------
     0 | D:1      | NinjaNoafa the Minotaur Fighter began the quest for the
                  | Orb.
     0 | D:1      | Reached XP level 1. HP: 19/19 MP: 0/0
   290 | D:1      | Reached XP level 2. HP: 25/27 MP: 1/1
  1047 | D:2      | Reached XP level 3. HP: 33/33 MP: 2/2
  1135 | D:2      | Noticed an ogre
  1541 | D:2      | Killed an ogre
  1542 | D:2      | Reached XP level 4. HP: 31/41 MP: 3/3
  1542 | D:2      | Reached XP level 5. HP: 36/47 MP: 4/4
  2029 | D:2      | Identified the +2 dagger of the Singing Ass {vorpal, SInv
                  | Stlth+}
  2034 | D:2      | Found a faded altar of an unknown god.
  2541 | D:3      | Found an ornate altar of the Wu Jian Council.
  2550 | D:3      | Became a worshipper of the Wu Jian Council
  2850 | D:4      | Reached skill level 1 in Stealth
  2850 | D:4      | HP: 1/47 [orc priest/nerve-wracking pain (4)]
  2854 | D:4      | Killed from afar by an orc priest

Illustrated notes

Levels and vault maps discovered:
D:1:      minmay_arrival_doors, layout_basic, minmay_misc_feat_columns,
          skrybe_limestone_x
D:2:      layout_loops_ring, shapermc_ecumenical_altar_mp_vishouse
D:3:      layout_loops_ring, nicolae_wu_jian_wuxing_cycle
D:4:      layout_basic, lemuel_crystal_altar,
          mainiacjoe_overflow_six_doors_small

Skill      XL: |  1  2  3  4  5 |
---------------+----------------+-----
Shields        | 4 |  4.8
Fighting       | 4 |  4.7
Armour         | 4 |  4.8
Long Blades    | 3 |  3.8
Stealth        | 1 |  1.0
Short Blades   | |  0.9

Action                   |  1- 3 |  4- 6 || total
-------------------------+-------+-------++-------
Melee: Long sword        |    15 |       ||    15
       Demon blade       |    69 |    39 ||   108
       Headbutt          |    11 |     8 ||    19
       Dagger            |       |    21 ||    21
Invok: Lunge             |       |     4 ||     4
  Use: Potion            |     2 |     2 ||     4
       Scroll            |     1 |     3 ||     4
Armor: Scale mail        |    45 |    24 ||    69
Dodge: Dodged            |    43 |    38 ||    81
Block: Buckler           |    15 |    14 ||    29
